 Dungeon Crawl Stone Soup version bcrawl-1.20.1-3-gdcb1fc31ed (webtiles) character file.

Game seed: 1933405507719943557

191 Freyura the Twirler (level 5, -4/41 HPs)
             Began as a Demonspawn Gladiator on Feb 3, 2020.
             Slain by an orc warrior
             ... wielding a +0 flail
              (11 damage)
             ... on level 3 of the Dungeon.
             The game lasted 00:06:44 (2530 turns).

Freyura the Twirler (Demonspawn Gladiator)          Turns: 2530, Time: 00:06:44

Health: -4/41      AC: 16    Str: 14    XL:     5   Next: 42%
Magic:  4/4        EV: 11    Int:  9    God:
Gold:   111        SH:  0    Dex: 16    Spells: 4/4 levels left

rFire    . . .     SeeInvis .   a - +0 quarterstaff
rCold    . . .     Gourm    .   (shield currently unavailable)
rNeg     . . .     Faith    +   r - +0 scale mail
rPois    .         Spirit   .   c - +0 helmet
rElec    .         Reflect  .   n - +0 cloak
rCorr    .         Harm     .   (no gloves)
MR       .....                  k - +0 pair of boots
Stlth    ..........             m - amulet of faith
HPRegen  0.13/turn              (no ring)
MPRegen  0.09/turn              (no ring)

@: sanguine armour
A: talons 1, blurry vision 1, low mp 1, shaggy fur 1, sanguine armour 1
a: no special abilities


You were on level 3 of the Dungeon.
You were not hungry.

You visited 1 branch of the dungeon, and saw 3 of its levels.

You collected 111 gold pieces.

Inventory:

Hand Weapons
 a - a +0 quarterstaff (weapon)
Missiles
 d - 3 throwing nets (quivered) {!f}
Armour
 c - a +0 helmet (worn)
 k - a +0 pair of boots (worn)
 n - a +0 cloak (worn)
 r - a +0 scale mail (worn)
Jewellery
 m - an amulet of faith (around neck)
Wands
 f - a wand of disintegration (8)
Scrolls
 b - a scroll of enchant weapon {unknown}
 g - a scroll of identify
 i - a scroll of fear {unknown}
Potions
 h - 2 potions of heal wounds
 j - a potion of mutation
 l - a potion of curing
Comestibles
 e - 5 rations {!d}


   Skills:
 + Level 3.1 Fighting
 * Level 4.1 Staves
 - Level 1.7 Throwing
 + Level 1.8 Armour
 + Level 3.4 Dodging


You had 4 spell levels left.
You didn't know any spells.
Your spell library was empty.

Dungeon Overview and Level Annotations

Branches:
Dungeon (3/12)

Altars:
Fedhas
Gozag
Hepliaklqana
Sif Muna
Trog


Innate Abilities, Weirdness & Mutations

You have sharp toenails.
When seriously injured, your bleeding wounds create armour. (AC +6)
Scrolls take you a little longer to read.
Your magical capacity is low. (-10% MP)
You are covered in fur. (AC +1)


Message History

The orc warrior barely misses you.
You hit the orc warrior.
The orc warrior is lightly wounded.
The orc warrior hits you but does no damage.
You closely miss the orc warrior.
The orc warrior is lightly wounded.
The orc warrior hits you with a +0 flail!
* * * LOW HITPOINT WARNING * * *
You hit the orc warrior.
The orc warrior is lightly wounded.
The orc warrior closely misses you.
You sock the orc warrior!
The orc warrior is heavily wounded.
The orc warrior hits you with a +0 flail.
* * * LOW HITPOINT WARNING * * *
You completely miss the orc warrior.
The orc warrior is heavily wounded.
The howler monkey hits you but does no damage.
The orc warrior hits you with a +0 flail!
You die...

....# #.....# †...#
##.#### ....### # #.#
......# #. #.#
)...#.## .##.# ####.#
............... #....#
....##.........##....#
###...# .......h....##
# .#... .....#@##.# #
##### ..... #o##.#
####### ........K##.#
......##.###.....##.#
...........#.....##.#
.................. .#
...........#......
.................#
.(....#....#.#....


You could see an orc warrior, a howler monkey and a kobold.

Vanquished Creatures
  Terence (D:2)
  A centaur skeleton (D:3)
  Robin (D:2)
  3 adders
  2 oozes
  2 worms
  3 dart slugs
  6 leopard geckos
  2 orcs (D:3)
  7 bats
  5 giant cockroaches
  14 goblins
  7 hobgoblins
  10 kobolds
  A quokka (D:3)
  A ball python (D:2)
  3 frilled lizards
  6 rats
75 creatures vanquished.

Notes
Turn   | Place    | Note
-------+----------+-------------------------------------------
     0 | D:1      | Freyura the Demonspawn Gladiator began the quest for the
                  | Orb.
     0 | D:1      | Reached XP level 1. HP: 16/16 MP: 1/1
   335 | D:1      | Gained mutation: When seriously injured, your bleeding
                  | wounds create armour. (AC +6) [demonic ancestry]
   335 | D:1      | Reached XP level 2. HP: 22/22 MP: 2/2
   456 | D:1      | Reached skill level 3 in Staves
   942 | D:2      | Gained mutation: You have sharp toenails. [demonic
                  | ancestry]
   942 | D:2      | Reached XP level 3. HP: 24/28 MP: 3/3
  1012 | D:2      | Found a bloodstained altar of Trog.
  1040 | D:2      | Reached skill level 1 in Armour
  1358 | D:2      | Noticed Robin
  1396 | D:2      | Killed Robin
  1396 | D:2      | Reached XP level 4. HP: 19/34 MP: 4/4
  1715 | D:2      | Found a blossoming altar of Fedhas.
  1715 | D:2      | Found a hazy altar of Hepliaklqana.
  1810 | D:2      | Noticed Terence
  1825 | D:2      | Killed Terence
  1854 | D:2      | Found an opulent altar of Gozag.
  2111 | D:3      | Gained mutation: Your magical capacity is low. (-10% MP)
                  | [potion of mutation]
  2111 | D:3      | Gained mutation: Scrolls take you a little longer to read.
                  | [potion of mutation]
  2111 | D:3      | Gained mutation: You are covered in fur. (AC +1) [potion of
                  | mutation]
  2331 | D:3      | Reached XP level 5. HP: 40/40 MP: 4/4
  2341 | D:3      | Reached skill level 4 in Staves
  2478 | D:3      | Found a shimmering blue altar of Sif Muna.
  2508 | D:3      | Noticed an orc warrior
  2530 | D:3      | Slain by an orc warrior

Skill      XL: |  1  2  3  4  5 |
---------------+----------------+-----
Staves         | 3 4 |  4.1
Dodging        | 3 |  3.4
Armour         | 1 |  1.8
Fighting       | 3 |  3.1
Throwing       | |  1.7

Action                   |  1- 3 |  4- 6 || total
-------------------------+-------+-------++-------
Melee: Quarterstaff      |   146 |   108 ||   254
  Use: Scroll            |     2 |     1 ||     3
       Potion            |       |     5 ||     5
 Stab: Sleeping          |     1 |       ||     1
  Eat: Chunk             |     1 |     4 ||     5
Armor: Leather armour    |    10 |       ||    10
       Ring mail         |    36 |    10 ||    46
       Scale mail        |       |    37 ||    37
Dodge: Dodged            |    76 |    77 ||   153
